 Dungeon Crawl Stone Soup version 0.27.1 (webtiles) character file.

Game seed: 3498888393710583791

180567 pkoi the Brawler (level 17, -8/172 HPs)
             Began as a Troll Monk on Aug 26, 2021.
             Was a High Priest of Okawaru.
             Mangled by a wolf spider (19 damage)
             ... on level 3 of the Spider Nest.
             The game lasted 01:00:52 (25208 turns).

pkoi the Brawler (Troll Monk)                      Turns: 25208, Time: 01:00:53

Health: -8/172     AC: 16    Str: 27    XL:     17   Next: 64%
Magic:  0/22       EV: 16    Int:  7    God:    Okawaru [*****.]
Gold:   2321       SH:  0    Dex: 12    Spells: 18/18 levels left

rFire    . . .     SeeInvis +     - Unarmed
rCold    + . .     Faith    .   (no shield)
rNeg     + + .     Spirit   +   F - +2 robe {rN+}
rPois    +         Reflect  .   I - +0 mask of the Dragon {Will+ Slay+3 SInv}
rElec    .         Harm     .   o - scarf {repulsion}
rCorr    .         Rampage  .   (gloves unavailable)
Will     ++...                  (boots unavailable)
Stlth    ++++......             N - amulet of guardian spirit
HPRegen  1.38/turn              r - +4 ring of protection
MPRegen  0.18/turn              a - ring of Nasyuri {rPois rC+ rN+ AC+4}

@: lethally poisoned (-8 -> -9), about to teleport, heroic, slowed, studying
Earth Magic, repel missiles, very slow
A: large, unfitting armour, claws 3, regeneration 1, shaggy fur 1, tough skin 1,
iridescent scales 1, noise suppression
a: Renounce Religion, Heroism, Finesse


You were on level 3 of the Spider Nest.
You worshipped Okawaru.
Okawaru was extremely pleased with you.
You visited 6 branches of the dungeon, and saw 27 of its levels.
You also visited: Sewer, Bailey and Volcano.

You collected 2881 gold pieces.
You spent 560 gold pieces at shops.

Inventory:

Missiles
 g - 2 boomerangs of dispersal
 n - 90 boomerangs (quivered)
 q - 30 javelins
 t - 11 throwing nets
 R - 35 large rocks
 S - 7 curare-tipped darts
Armour
 o - a scarf of repulsion (worn)
 E - a scarf of resistance
 F - a +2 robe of positive energy (worn)
 I - the +0 mask of the Dragon (worn) {Will+ Slay+3 SInv}
   (You found it on level 9 of the Dungeon)

   Slay:      It affects your accuracy & damage with ranged weapons and melee
   (+3).
   SInv:      It lets you see invisible.
   Will:      It increases your willpower.
Jewellery
 a - the ring of Nasyuri (right claw) {rPois rC+ rN+ AC+4}
   (You found it on level 9 of the Dungeon)

   [ring of protection]

   AC:        It affects your AC (+4).
   rC:        It protects you from cold.
   rPois:     It protects you from poison.
   rN:        It protects you from negative energy.
 h - a ring of protection from fire
 r - a +4 ring of protection (left claw)
 s - a ring of flight
 M - a ring of willpower
 N - an amulet of guardian spirit (around neck)
Wands
 m - a wand of mindburst (14)
 p - a wand of iceblast (32)
 y - a wand of charming (8)
 z - a wand of paralysis (19)
 A - a wand of polymorph (37)
 H - a wand of acid (23)
 J - a wand of flame (32)
 K - a wand of digging (6)
Scrolls
 c - 4 scrolls of fear
 d - 6 scrolls of magic mapping
 u - a scroll of fog
 v - 4 scrolls of amnesia
 w - 4 scrolls of teleportation
 G - 13 scrolls of identify
 L - 4 scrolls of enchant armour
 O - a scroll of enchant weapon
 Q - a scroll of blinking
Potions
 b - 5 potions of might
 e - 7 potions of haste
 f - 10 potions of curing
 i - 7 potions of flight
 j - 6 potions of heal wounds
 k - 2 potions of invisibility
 l - 6 potions of magic
 x - 4 potions of brilliance
 B - 4 potions of berserk rage
 D - 3 potions of resistance
 P - a potion of cancellation
Miscellaneous
 C - a box of beasts


   Skills:
 + Level 11.8(16.8) Fighting
 + Level 8.2(13.2) Throwing
 + Level 11.9(16.9) Dodging
 - Level 5.6(10.6) Stealth
 - Level 0.2(5.2) Shields
 + Level 18.8(23.8) Unarmed Combat
 - Level 1.3 Spellcasting
 - Level 3.2 Earth Magic
 - Level 8.0 Invocations


You had 18 spell levels left.
You didn't know any spells.
Your spell library contained the following spells:

 Spells                   Type           Power      Damage    Failure   Level
 Magic Dart               Conj           0%         1d3       38%         1
 Shock                    Conj/Air       0%         1d3       38%         1
 Searing Ray              Conj           0%         3d3       52%         2
 Sublimation of Blood     Necr           0%         N/A       52%         2
 Wereblood                Tmut           0%         N/A       52%         2
 Stone Arrow              Conj/Erth      4%         3d7       54%         3
 Call Canine Familiar     Summ           0%         N/A       77%         3
 Dazzling Flash           Conj/Hex       0%         N/A       77%         3
 Frozen Ramparts          Ice            0%         1d2       77%         3
 Ozocubu's Armour         Ice            0%         N/A       77%         3
 Portal Projectile        Hex/Tloc       0%         N/A       77%         3
 Swiftness                Air            0%         N/A       77%         3
 Tukima's Dance           Hex            0%         N/A       77%         3
 Leda's Liquefaction      Hex/Erth       1%         N/A       91%         4
 Airstrike                Air            0%         N/A       99%         4
 Fulminant Prism          Conj/Hex       0%         3d6       99%         4
 Ice Form                 Ice/Tmut       0%         N/A       99%         4
 Olgreb's Toxic Radiance  Pois           0%         N/A       99%         4
 Summon Ice Beast         Ice/Summ       0%         N/A       99%         4
 Bolt of Magma            Conj/Fire/Erth 1%         4d4       100%        5
 Fireball                 Conj/Fire      0%         3d3       100%        5
 Starburst                Conj/Fire      0%         6d3       100%        6
 Ozocubu's Refrigeration  Ice            0%         4d5       100%        7
 Summon Hydra             Summ           0%         N/A       100%        7
 Ignition                 Fire           0%         3d3       100%        8
 Shatter                  Erth           2%         3d6*      100%        9


Dungeon Overview and Level Annotations

Branches:
Dungeon (12/15)            Temple (1/1) D:4            Lair (6/6) D:9
 Shoals (3/4) Lair:3       Spider (3/4) Lair:3        Slime (0/5) Lair:6
    Orc (2/2) D:9             Elf (0/3) Orc:2         Sewer (visited)
 Bailey (visited)         Volcano (visited)

Altars:
Ashenzari
Cheibriados
Dithmenos
Elyvilon
Fedhas
Gozag
Hepliaklqana
Kikubaaqudgha
Makhleb
Nemelex Xobeh
Okawaru
Qazlal
Ru
Sif Muna
Trog
Uskayaw
Vehumet
Wu Jian
Xom
Yredelemnul
Zin
The Shining One
Beogh

Shops:
D:3 (   D:5 [   D:12 *   Orc:1 (   Orc:2 [(=*[

Portals:
Trove: D:10 (show abyssal rune of Zot)

Annotations:
Lair:5 3 runed translucent doors, exclusion: 2 oklob plants, Serogusm's ghost, journeyman CeAM
Spider:3 Donald


Innate Abilities, Weirdness & Mutations

You are too large for most types of armour.
You have claws for hands.
Your natural rate of healing is unusually fast.
You are covered in fur. (AC +1)
You have tough skin. (AC +1)
You are partially covered in iridescent scales. (AC +2)
You passively dampen the noise of your surroundings.


Message History

The wolf spider hits you but does no damage.
The wolf spider misses you.
The moth of wrath goads the wolf spider on!
The wolf spider goes berserk!
You feel very sick. The wolf spider closely misses you.
The wolf spider misses you. The wolf spider hits you.
The wolf spider bites you.
The demonic crawler hits you but does no damage. x3
You feel yourself speed up.
You feel very sick. The wolf spider hits you!
The wolf spider bites you but does no damage.
The wolf spider hits you but does no damage.
The wolf spider bites you!
You feel sick.
The wolf spider rages.
The wolf spider hits you!! The wolf spider closely misses you.
The wolf spider hits you!
* * * LOW HITPOINT WARNING * * *
The wolf spider bites you.
* * * LOW HITPOINT WARNING * * *
You feel sick. The wolf spider barely misses you. x2
The moth of wrath goads something on!
You feel sick. The wolf spider closely misses you. The wolf spider bites you.
* * * LOW HITPOINT WARNING * * *
Being near the torpor snail leaves you feeling lethargic.
You gain the combat prowess of a mighty hero.
You feel sick. The wolf spider hits you!
* * * LOW HITPOINT WARNING * * *
The wolf spider completely misses you. The wolf spider hits you!
* * * LOW HITPOINT WARNING * * *
The wolf spider bites you!
* * * LOW HITPOINT WARNING * * *
The wolf spider completely misses you. The wolf spider bites you!
* * * LOW HITPOINT WARNING * * *
As you read the scroll of teleportation, it crumbles to dust.
You feel strangely unstable.
You feel sick. The wolf spider hits you!!
* * * LOW HITPOINT WARNING * * *
The wolf spider closely misses you. The wolf spider hits you!!
You die...

.^.#..#.#^#...#..#(..@..#
##.#./#.....^..#^.#..^###
#....!...##.....# ...(.
#.#...y#..#........#^.$.
#......#..#^#......######
#..#..##.^.....#..#
##[....w.#.#.#.....
#...^..ys#.......#
#^##....#@.^#..#.#
##...).#.....#...#
#......#^.#..#.#.#
###.#..^#.......# #
....#.##.#....## ..#
#...#######.....#≈....
#...# #.#≈...# ####
#≈≈##†## ### ##


You could see a torpor snail (berserk), a wolf spider (berserk) and a moth of
wrath.

Vanquished Creatures
  Bai Suzhen (Shoals:2)
  Rupert (Lair:3)
  Polyphemus (Shoals:1)
  Kirke (Spider:1)
  Ilsuiw (Shoals:3)
  2 orc warlords
  A spark wasp (Spider:2)
  Azrael (Spider:1)
  An entropy weaver (Spider:1)
  A merfolk javelineer (Shoals:3)
  Josephine (Lair:5)
  4 merfolk impalers
  9 hydras
  6 boulder beetles
  2 catoblepae
  A two-headed ogre (D:9)
  A merfolk avatar (Shoals:2)
  A merfolk aquamancer (Shoals:1)
  A death knight (D:9)
  A centaur warrior (D:9)
  17 death yaks
  Urug (Orc:1)
  2 orc high priests (Orc:2)
  Nergalle (D:10)
  3 skeletal warriors
  7 sea snakes
  4 orc knights
  4 harpies (Shoals:1)
  17 wolf spiders
  A deep elf pyromancer (D:9)
  6 orb spiders
  5 orc sorcerers
  16 fauns (Shoals:1)
  2 ugly things
  8 merfolk sirens
  5 cyclopes
  8 manticores
  4 elephants (Lair:5)
  5 centaur zombies
  5 black mambas
  A torpor snail (Lair:3)
  3 gargoyles (Volcano)
  3 water nymphs
  9 cane toads
  2 unseen horrors
  3 rime drakes
  4 komodo dragons
  4 demonic crawlers
  A tengu conjurer (D:9)
  A queen bee (Lair:3)
  13 jumping spiders
  A polar bear (shapeshifter) (D:9)
  23 merfolk
  5 polar bears
  2 harpy skeletons (Volcano)
  6 trolls
  2 wind drakes (Shoals:1)
  7 hornets
  2 snapping turtles
  19 blink frogs
  7 slime creatures
  3 dream sheep (Shoals:1)
  3 flying skulls (Volcano)
  25 redbacks
  5 wraiths
  22 tarantellas
  54 yaks
  A vampire (D:9)
  15 spriggans (Lair:6)
  2 wyverns
  3 shadows
  4 basilisks
  8 water elementals
  The ghost of kaiten619 the Poker, an amateur GnBe of Trog (D:4)
  4 fire elementals (Spider:1)
  A hog (Spider:1)
  6 vampire mosquitoes (D:12)
  A steam dragon (D:9)
  An acid dragon (D:10)
  3 wargs
  5 hell hounds
  15 water moccasins
  An ice beast (D:8)
  2 hornet zombies
  A necrophage (D:8)
  6 black bears
  4 boggarts
  25 wolves
  5 ogres
  33 orc warriors
  10 centaurs
  3 kobold brigands
  12 bullfrogs
  2 scorpions
  3 wyvern zombies
  A water moccasin zombie (D:5)
  5 wights
  37 killer bees
  A spriggan skeleton (Volcano)
  6 howler monkeys
  A troll skeleton (Volcano)
  4 electric eels
  A bullfrog zombie (D:5)
  A hound (D:3)
  A bullfrog skeleton (D:4)
  21 orc priests
  A centaur skeleton (D:7)
  2 jellies (Lair:6)
  26 orc wizards
  5 iguanas
  A naga skeleton (Volcano)
  Robin (D:2)
  6 adders
  8 gnolls
  2 river rats (D:3)
  2 shadow imps
  An ufetubus (D:7)
  3 worms
  A dart slug (D:2)
  67 orcs
  12 ball pythons
  5 bats
  12 endoplasms
  45 goblins
  26 hobgoblins
  10 jackals
  4 quokkas
  3 frilled lizards
  42 kobolds
  14 rats
944 creatures vanquished.

Vanquished Creatures (others)
  A merfolk siren (Shoals:3)
  A komodo dragon (Lair:6)
  2 humans (Spider:1)
  26 fungi
  51 plants
  4 tentacles (Shoals:3)
85 creatures vanquished.

Grand Total: 1029 creatures vanquished

Notes
Turn   | Place    | Note
-------+----------+-------------------------------------------
     0 | D:1      | pkoi the Troll Monk began the quest for the Orb.
     0 | D:1      | Reached XP level 1. HP: 22/22 MP: 0/0
    82 | D:1      | Reached XP level 2. HP: 29/29 MP: 1/1
   152 | D:1      | Reached skill level 4 in Unarmed Combat
   200 | D:1      | Reached XP level 3. HP: 36/36 MP: 2/2
   719 | D:2      | Noticed Robin
   730 | D:2      | Killed Robin
   731 | D:2      | Reached skill level 5 in Unarmed Combat
   731 | D:2      | Reached XP level 4. HP: 30/44 MP: 3/3
  1154 | D:3      | Reached XP level 5. HP: 37/50 MP: 4/4
  1199 | D:3      | Found a glowing drain.
  1205 | D:3      | Reached skill level 6 in Unarmed Combat
  1225 | Sewer    | Entered a sewer
  1626 | D:3      | Found a faded altar of an unknown god.
  1685 | D:3      | Found Amaeg's Antique Weapon Shoppe.
  2021 | D:3      | Reached XP level 6. HP: 51/59 MP: 5/5
  2037 | D:4      | Reached skill level 7 in Unarmed Combat
  2052 | D:4      | Found a staircase to the Ecumenical Temple.
  2058 | Temple   | Entered the Ecumenical Temple
  2251 | Temple   | Became a worshipper of Warmaster Okawaru
  2251 | Temple   | Reached * piety under Okawaru
  2251 | Temple   | Reached ** piety under Okawaru
  2448 | D:4      | Reached skill level 1 in Invocations
  2591 | D:4      | Found a runed translucent door.
  2591 | D:4      | Noticed kaiten619's ghost (amateur GnBe)
  2707 | D:4      | Reached XP level 7. HP: 63/66 MP: 7/7
  2993 | D:4      | Reached skill level 8 in Unarmed Combat
  3349 | D:5      | Entered Level 5 of the Dungeon
  3519 | D:5      | Found Coh Neod's Armour Emporium.
  3546 | D:5      | Reached *** piety under Okawaru
  3551 | D:5      | Reached skill level 9 in Unarmed Combat
  3551 | D:5      | Reached XP level 8. HP: 53/74 MP: 9/9
  3953 | D:5      | Identified a scroll of acquirement
  3953 | D:5      | Acquired a +4 ring of protection
  3987 | D:6      | Found a shadowy altar of Dithmenos.
  3988 | D:6      | Found a bloodstained altar of Trog.
  4087 | D:5      | Reached skill level 10 in Unarmed Combat
  4374 | D:6      | Found a hide-covered altar of Uskayaw.
  4376 | D:6      | Found an opulent altar of Gozag.
  4416 | D:6      | Reached **** piety under Okawaru
  4417 | D:6      | Reached skill level 5 in Invocations
  4637 | D:6      | Reached XP level 9. HP: 59/80 MP: 11/11
  5366 | D:7      | Found a white marble altar of Elyvilon.
  5576 | D:8      | Reached skill level 11 in Unarmed Combat
  5658 | D:8      | Found a flagged portal.
  5667 | Bailey   | Entered a bailey
  5854 | Bailey   | Noticed an orc knight
  5869 | Bailey   | Killed an orc knight
  5876 | Bailey   | Reached skill level 12 in Unarmed Combat
  6278 | D:8      | Reached ***** piety under Okawaru
  6304 | D:8      | Reached XP level 10. HP: 86/90 MP: 13/13
  6851 | D:8      | Gained mutation: You passively dampen the noise of your
                  | surroundings. [potion of mutation]
  6851 | D:8      | Gained mutation: You are partially covered in iridescent
                  | scales. (AC +2) [potion of mutation]
  7252 | D:9      | Received a gift from Okawaru
  7283 | D:9      | Found a large runed translucent door.
  7283 | D:9      | Noticed a green ugly thing
  7284 | D:9      | Found a large runed translucent door.
  7290 | D:9      | Found a large runed translucent door.
  7290 | D:9      | Found a large runed translucent door.
  7371 | D:9      | Reached skill level 13 in Unarmed Combat
  7446 | D:9      | Found a staircase to the Orcish Mines.
  7517 | D:9      | Identified the ring of Nasyuri {rPois rC+ rN+ AC+4}
  7671 | D:9      | Reached XP level 11. HP: 87/101 MP: 15/15
  7684 | D:9      | Noticed a two-headed ogre
  7694 | D:9      | Killed a two-headed ogre
  7695 | D:9      | Reached skill level 5 in Fighting
  7695 | D:9      | Reached skill level 5 in Dodging
  7922 | D:9      | Noticed a boulder beetle
  7922 | D:9      | Noticed a centaur warrior
  7932 | D:9      | Killed a boulder beetle
  7936 | D:9      | Noticed a death knight
  7936 | D:9      | Noticed a boulder beetle
  7936 | D:9      | Found the +0 mask of the Dragon {Will+ Slay+3 SInv}
  7952 | D:9      | Killed a death knight
  7955 | D:9      | Killed a boulder beetle
  7968 | D:9      | Killed a centaur warrior
  7969 | D:9      | Reached skill level 14 in Unarmed Combat
  8032 | D:9      | Noticed a deep elf pyromancer
  8057 | D:9      | Killed a deep elf pyromancer
  8331 | D:9      | Found a staircase to the Lair.
  8588 | Lair:1   | Entered Level 1 of the Lair of Beasts
  8624 | Lair:1   | Got Sif Muna's Almanac of Beguiling
  8655 | Lair:1   | Identified the -1 kite shield of Insecurity {Stlth+}
                  | (Okawaru gifted it to you on level 1 of the Lair of Beasts)
  8655 | Lair:1   | Received a gift from Okawaru
  8896 | Lair:1   | Reached XP level 12. HP: 114/114 MP: 17/17
  8913 | Lair:1   | Reached skill level 1 in Throwing
  9359 | Lair:2   | Noticed a death yak
  9360 | Lair:2   | Noticed a death yak
  9360 | Lair:2   | Noticed a death yak
  9480 | Lair:2   | Killed a death yak
  9488 | Lair:2   | Killed a death yak
  9495 | Lair:2   | Killed a death yak
  9643 | Lair:2   | Noticed a seven-headed hydra
  9653 | Lair:2   | Killed a 12-headed hydra
  9786 | Lair:2   | Reached skill level 15 in Unarmed Combat
 10146 | Lair:3   | Noticed a four-headed hydra
 10150 | Lair:3   | Killed a five-headed hydra
 10279 | Lair:3   | Received a gift from Okawaru
 10668 | Lair:3   | Found a hole to the Spider Nest.
 10704 | Lair:3   | Reached XP level 13. HP: 105/124 MP: 18/18
 10814 | Lair:3   | Noticed Rupert
 11153 | Lair:3   | Found a staircase to the Shoals.
 12084 | Lair:5   | Reached skill level 16 in Unarmed Combat
 12170 | Lair:5   | Received a gift from Okawaru
 12370 | Lair:5   | Noticed Josephine
 12387 | Lair:5   | Killed Josephine
 12429 | Lair:5   | Reached ****** piety under Okawaru
 12699 | Lair:5   | Found a runed translucent gate.
 12700 | Lair:5   | Found a runed translucent gate.
 12701 | Lair:5   | Found a runed translucent gate.
 12702 | Lair:5   | Noticed Serogusm's ghost (journeyman CeAM)
 12960 | Lair:6   | Entered Level 6 of the Lair of Beasts
 13067 | Lair:6   | Received a gift from Okawaru
 13087 | Lair:6   | Found a staircase to the Slime Pits.
 13151 | Lair:6   | Found a hazy altar of Hepliaklqana.
 13191 | Lair:6   | Received a gift from Okawaru
 13192 | Lair:6   | Reached XP level 14. HP: 83/137 MP: 11/19
 13264 | Lair:6   | Found a dark tunnel.
 13281 | Volcano  | Entered a volcano
 13776 | Lair:5   | Reached skill level 17 in Unarmed Combat
 14310 | Lair:6   | Identified the +2 robe "Sehugubb" {*Slow SInv Archmagi}
 14316 | Lair:6   | Received a gift from Okawaru
 14930 | Lair:3   | Killed Rupert
 15206 | D:4      | Killed kaiten619's ghost
 15453 | D:10     | Entered Level 10 of the Dungeon
 15593 | D:10     | Found a portal to a secret trove of treasure.
 15811 | D:10     | Found a stormy altar of Qazlal.
 15816 | D:10     | Noticed Nergalle
 15826 | D:10     | Killed Nergalle
 16475 | D:11     | Reached skill level 10 in Fighting
 16475 | D:11     | Reached skill level 10 in Dodging
 16475 | D:11     | Reached skill level 1 in Spellcasting
 16475 | D:11     | Reached XP level 15. HP: 149/149 MP: 20/20
 16958 | D:12     | Reached XP level 16. HP: 158/158 MP: 21/21
 16992 | D:12     | Received a gift from Okawaru
 17220 | D:12     | Found Pynar's General Store.
 17275 | D:12     | Bought a potion of heal wounds for 80 gold pieces
 17275 | D:12     | Bought an amulet of regeneration for 480 gold pieces
 17498 | Orc:1    | Entered Level 1 of the Orcish Mines
 17498 | Orc:1    | Found Furiefedwi's Weapon Boutique.
 17501 | Orc:1    | Noticed Urug
 17587 | Orc:1    | Killed Urug
 17800 | Orc:2    | Entered Level 2 of the Orcish Mines
 17800 | Orc:2    | Found a staircase to the Elven Halls.
 17858 | Orc:2    | Received a gift from Okawaru
 18233 | Orc:2    | Found Wumoca's Antique Armour Boutique.
 18240 | Orc:2    | Found Xuhiosef's General Store.
 18356 | Orc:2    | Found Cais's Antique Weapon Boutique.
 18435 | Orc:2    | Found Vudir's Armour Shop.
 18694 | Orc:2    | Reached skill level 5 in Throwing
 18923 | Orc:2    | Found Nisinoc's Jewellery Boutique.
 19073 | Shoals:1 | Entered Level 1 of the Shoals
 19163 | Shoals:1 | Reached skill level 18 in Unarmed Combat
 19256 | Shoals:1 | HP: 1/161 [faun/stone (14)]
 19486 | Shoals:1 | Received a gift from Okawaru
 19617 | Shoals:1 | Reached skill level 5 in Stealth
 20394 | Shoals:2 | Noticed Polyphemus
 20441 | Shoals:1 | Killed Polyphemus
 21231 | Shoals:3 | Noticed Bai Suzhen
 21249 | Shoals:2 | Killed Bai Suzhen
 21249 | Shoals:2 | Identified the +1 robe of the Moon {Str+4} (Okawaru gifted
                  | it to you on level 2 of the Shoals)
 21249 | Shoals:2 | Received a gift from Okawaru
 21250 | Shoals:2 | Reached XP level 17. HP: 103/170 MP: 15/22
 21437 | Shoals:3 | Noticed Ilsuiw
 21605 | Shoals:3 | Noticed a kraken
 21895 | Shoals:3 | Killed Ilsuiw
 22292 | Spider:1 | Entered Level 1 of the Spider Nest
 22887 | Spider:1 | Noticed Azrael
 22932 | Spider:1 | Killed Azrael
 22949 | Spider:1 | Noticed Kirke
 22969 | Spider:1 | Killed Kirke
 24034 | Spider:2 | Received a gift from Okawaru
 25164 | Spider:3 | Noticed Donald
 25208 | Spider:3 | Mangled by a wolf spider

Illustrated notes

Levels and vault maps discovered:
D:1:      dpeg_arrival_pits, layout_rooms, kennysheep_boxes
D:2:      layout_rooms, uniq_robin
D:3:      layout_rooms, portal_sewer_entry_a, serial_shops, shop,
          hellmonk_ecumenical_altar_heavens_door
D:4:      minmay_goblin_kobold_castle, layout_cave_pools,
          minmay_temple_entry_gardened_gates, hellmonk_ghost_happy_afterlife
D:5:      layout_rooms, serial_shops, shop_coins
D:6:      cheibrodos_thug_alley, layout_basic, nicolae_overflow_hidden_temple
D:7:      layout_loops_ring, old_standard_altar, serial_glass, glass_columns_a,
          glass_columns_c, glass_columns_a, glass_columns_b, glass_columns_b
D:8:      layout_layer_cave, enter_bailey_2, minmay_fractal_squares_diagonal_5
D:9:      minmay_the_grid_square_5x5_3x3 [minmay_the_grid_square_5x5_z,
          minmay_the_grid_square_5x5_shuriken,
          minmay_the_grid_square_5x5_n_small,
          minmay_the_grid_square_5x5_hollow_slash,
          minmay_the_grid_square_5x5_megaprize_crossed,
          minmay_the_grid_square_5x5_moneybag, minmay_the_grid_square_5x5_comb,
          minmay_the_grid_square_5x5_detours,
          minmay_the_grid_square_5x5_three_small], layout_long_grid,
          lair_entry_dummy, minmay_orc_entry_temple_small,
          minmay_hollow_rounded_squares
D:10:     layout_roguey, mainiacjoe_overflow_concentric_impassable,
          nicolae_trove_entry_crystal, minivault_20, uniq_nergalle
D:11:     layout_basic
D:12:     layout_loops_ring, serial_shops, nicolae_shop_window_shopping,
          abandoned_shop
Temple:   regret_index_temple_sphere_string
Lair:1:   layout_roguey, infiniplex_staircase_pool, grunt_megastairs_3
Lair:2:   layout_hall_layers
Lair:3:   layout_roguey [special_room_bee], elwin_shoals_entry_rooms,
          spider_nest_entry_funnel_web, lemuel_fruit_tree, uniq_rupert
Lair:4:   layout_cave_pods
Lair:5:   layout_loops_ring, gammafunk_ghost_hydra_chop, serial_bayou_shore_a,
          minmay_lair_oklob_chamber, uniq_josephine
Lair:6:   minmay_lair_end_enchanted_forest, layout_gridlike,
          nicolae_slime_entry_slimehenge, basic_altar, enter_volcano_3
Shoals:1: nicolae_shoals_island_circles, layout_shoals
Shoals:2: layout_shoals, nicolae_shoals_elemental_ambush, uniq_polyphemus
Shoals:3: argonaut_golden_fleece, layout_shoals, uniq_bai_suzhen, uniq_ilsuiw
Spider:1: layout_chambers, uniq_azrael, uniq_kirke
Spider:2: layout_spider_delve, hangedman_spider_tarantella_strand
Spider:3: layout_spider_delve, uniq_donald
Orc:1:    layout_caves, serial_shops, nicolae_shop_statue_plus,
          nicolae_shop_gadgets, uniq_urug
Orc:2:    grunt_orc_cross, layout_caves, serial_shops, nicolae_shop_crystal

Skill      XL: |  1  2  3  4  5  6  7  8  9 10 11 12 13 14 15 16 17 |
---------------+----------------------------------------------------+-----
Unarmed Combat | 4 5 6 7 9 10 12 13 14 15 16 17 18 | 18.8
Invocations    | 1 3 5 7 8 |  8.0
Fighting       | 3 4 6 7 8 10 11 | 11.8
Dodging        | 3 4 6 7 8 10 11 | 11.9
Throwing       | 4 6 8 |  8.2
Stealth        | 2 3 4 5 |  5.6
Spellcasting   | 1 |  1.3
Earth Magic    | 3 |  3.2
Shields        | |  0.2

Action                   |  1- 3 |  4- 6 |  7- 9 | 10-12 | 13-15 | 16-18 || total
-------------------------+-------+-------+-------+-------+-------+-------++-------
Melee: Unarmed           |   103 |   213 |   375 |   508 |   639 |   840 ||  2678
       Punch             |     2 |     7 |    24 |    47 |    62 |    88 ||   230
Throw: Boomerang         |       |       |     9 |     1 |       |   159 ||   169
       Large rock        |       |       |       |       |     3 |    10 ||    13
Invok: Heroism           |       |       |     3 |     9 |    18 |    17 ||    47
       Finesse           |       |       |       |     4 |     5 |     3 ||    12
  Use: Scroll            |       |     8 |     7 |     7 |     3 |     3 ||    28
       Potion            |       |       |     4 |     4 |     1 |     1 ||    10
 Stab: Sleeping          |     1 |     1 |     1 |     5 |    15 |     5 ||    28
       Distracted        |     1 |     1 |       |     1 |       |     2 ||     5
Armor: Robe              |    32 |    71 |   143 |   209 |   240 |   350 ||  1045
Dodge: Dodged            |    47 |   117 |   206 |   298 |   376 |   649 ||  1693
       Repelled          |       |       |       |       |       |     4 ||     4
Block: Kite shield       |       |       |       |     3 |       |       ||     3
